 Dungeon Crawl Stone Soup version 0.23-a0-78-gc252fe1 (webtiles) character file.

4876 Amnesiac the Thaumaturge (level 10, -1/76 HPs)
             Began as a Mummy Air Elementalist on Aug 10, 2018.
             Was a Believer of Ashenzari.
             Slain by a black bear (6 damage)
             ... on level 9 of the Dungeon.
             The game lasted 00:18:43 (9471 turns).

Amnesiac the Thaumaturge (Mummy Air Elementalist)   Turns: 9471, Time: 00:18:44

Health: -1/76      AC:  6    Str: 13    XL:     10   Next: 26%
Magic:  1/31       EV: 16    Int: 17    God:    Ashenzari [**....]
Gold:   455        SH:  0    Dex: 12    Spells: 16/25 levels left

rFire    + . .     SeeInvis .   a - +0 great sword (curse)
rCold    + . .     Gourm    .   (shield currently unavailable)
rNeg     + + +     Faith    .   s - +2 leather armour {rF+} (curse)
rPois    ∞         Spirit   .   q - +0 helmet (curse)
rElec    .         Reflect  .   (no cloak)
rCorr    .         Harm     .   t - -1 pair of gloves (curse)
MR       +....                  (no boots)
Stlth    ++........             (no amulet)
HPRegen  0.22/turn              g - ring of magical power (curse)
MPRegen  0.22/turn              z - ring of protection from fire (curse)

@: no status effects
A: no food or potions, fire vulnerability, cold resistance 1, negative energy
resistance 3, torment resistance, unbreathing
a: Curse Item, Scrying, Renounce Religion


You were on level 9 of the Dungeon.
You worshipped Ashenzari.
Ashenzari was pleased with you.
You were not hungry.

You visited 2 branches of the dungeon, and saw 10 of its levels.
You also visited: Sewer.

You collected 563 gold pieces.
You spent 108 gold pieces at shops.

Inventory:

Hand Weapons
 a - a cursed +0 great sword (weapon)
 r - a +3 falchion of slicing
Missiles
 b - 7 poisoned needles
Armour
 q - a cursed +0 helmet (worn)
 s - a cursed +2 leather armour of fire resistance (worn)
 t - a cursed -1 pair of gloves (worn)
 A - a scarf of cloud immunity
Jewellery
 g - a cursed ring of magical power (left hand)
 z - a cursed ring of protection from fire (right hand)
Wands
 e - a wand of disintegration (17)
 m - a wand of iceblast (4)
 w - a wand of acid (6)
 x - a wand of random effects (15)
Scrolls
 c - 2 scrolls of blinking {!r}
 d - 2 scrolls of noise {!r}
 f - 3 scrolls of remove curse {!r}
 h - 2 scrolls of fog {!r}
 j - 3 scrolls of teleportation {!r}
 k - 2 scrolls of enchant armour {!r}
 l - 3 scrolls of fear {!r}
 n - a scroll of random uselessness {!r, unknown}
 o - 3 scrolls of amnesia {!r}
 p - a scroll of magic mapping {!r}
 u - 2 scrolls of enchant weapon {!r}
 v - 3 scrolls of identify {!r}
 y - a scroll of immolation {!r, unknown}
Potions
 i - 2 potions of berserk rage {!q, unknown}


   Skills:
 - Level 5.7 Fighting
 - Level 7.1(8.6) Dodging
 - Level 1.5(2.6) Stealth
 + Level 8.2 Spellcasting
 - Level 0.7(1.4) Conjurations
 * Level 8.2(9.7) Air Magic


You had 16 spell levels left.
You knew the following spells:

 Your Spells              Type           Power        Failure   Level  Hunger
a - Airstrike             Air            #####.....   2%          4    N/A
d - Shock                 Conj/Air       ####         1%          1    N/A
w - Summon Lightning Spi  Summ/Air       ###.....     17%         4    N/A

Your spell library contained the following spells:

 Spells                   Type           Power        Failure   Level  Hunger
 Lightning Bolt           Conj/Air       ####......   36%         5    N/A
 Summon Small Mammal      Summ           #...         12%         1    N/A
 Summon Ice Beast         Ice/Summ       #.......     77%         4    N/A
 Call Imp                 Summ           #.......     19%         2    N/A
 Swiftness                Chrm/Air       ###.....     2%          2    N/A
 Call Canine Familiar     Summ           #.......     36%         3    N/A
 Summon Butterflies       Summ           #.......     12%         1    N/A
 Static Discharge         Conj/Air       ####....     4%          3    N/A
 Summon Hydra             Summ           #.........   100%        7    N/A
 Summon Guardian Golem    Hex/Summ       #.......     36%         3    N/A
 Summon Mana Viper        Hex/Summ       #.......     98%         5    N/A

Dungeon Overview and Level Annotations

Branches:
Dungeon (9/15)             Temple (1/1) D:5            Lair (0/6) D:8
    Orc: D:9-12

Altars:
Ashenzari
Cheibriados
Dithmenos
Elyvilon
Fedhas
Gozag
Hepliaklqana
Kikubaaqudgha
Makhleb
Nemelex Xobeh
Okawaru
Qazlal
Ru
Sif Muna
Trog
Uskayaw
Vehumet
Wu Jian
Xom
Yredelemnul
Zin
The Shining One

Shops:
D:5 *


Innate Abilities, Weirdness & Mutations

You do not eat or drink.
Your flesh is vulnerable to fire.
You are immune to poison.
Your flesh is cold resistant. (rC+)
You are immune to negative energy. (rN+++)
You are immune to unholy pain and torment.
You can survive without breathing.


Message History

* * * LOW HITPOINT WARNING * * *
The black bear barely misses you.
You riposte.
You barely miss the black bear.
The black bear claws you but does no damage.
The black bear misses you.
You closely miss the black bear. The black bear barely misses you.
You riposte.
You barely miss the black bear.
The black bear claws you but does no damage.
The black bear closely misses you.
You barely miss the black bear. The black bear bites you.
* * * LOW HITPOINT WARNING * * *
The black bear misses you. The black bear completely misses you.
The black bear closely misses you. The black bear completely misses you.
The black bear closely misses you.
Casting: Airstrike (safe; 2% risk of failure)
Confirm with . or Enter, or press ? or * to list all spells.
You don't have enough magic to cast that spell.
You hit the black bear.
The black bear is moderately wounded.
The black bear bites you.
* * * LOW HITPOINT WARNING * * *
The black bear barely misses you. x2; The black bear bites you.
* * * LOW HITPOINT WARNING * * *
The black bear claws you but does no damage.
The black bear misses you.
You hit the black bear.
The black bear is moderately wounded.
The black bear barely misses you. The black bear misses you.
The black bear barely misses you.
Casting: Airstrike (safe; 2% risk of failure)
Confirm with . or Enter, or press ? or * to list all spells.
Aiming: Airstrike (safe; 2% risk of failure)
Press: ? - help, Dir - move target cursor, f - black bear
Aim: a black bear (moderately wounded)
The air twists around and strikes the black bear!
The black bear is severely wounded.
The black bear misses you. x3
You completely miss the black bear.
The black bear is severely wounded.
The black bear closely misses you. The black bear barely misses you. x2
The black bear goes berserk!
You closely miss the black bear.
The black bear is severely wounded.
The black bear closely misses you.
The black bear claws you but does no damage. x2
The black bear bites you but does no damage.
The black bear claws you but does no damage. x2
The black bear misses you. x2; The black bear closely misses you.
You slash the black bear!
The black bear is almost dead.
The black bear misses you. x2; The black bear claws you.
* * * LOW HITPOINT WARNING * * *
The black bear bites you.
* * * LOW HITPOINT WARNING * * *
The black bear closely misses you. The black bear claws you.
* * * LOW HITPOINT WARNING * * *
You closely miss the black bear.
The black bear is almost dead.
The black bear bites you!
* * * LOW HITPOINT WARNING * * *
The black bear claws you but does no damage.
The black bear closely misses you. The black bear bites you.
* * * LOW HITPOINT WARNING * * *
The black bear misses you. The black bear claws you.
You die...

, *.., , ...###
... ,,,, ......
#.# ,, * ...###
#.# , * * * * #.#
, * #.#
#.#####.###.#
#....h@.....#
#######.#####
#.####### ######
#.......# #.....
###.....####.####
#...........#
#.....####.##
#.....# ###
#######


You could see a black bear (berserk).

Vanquished Creatures
  2 two-headed ogres
  A hornet (D:7)
  A hippogriff (D:8)
  Grinder (D:6)
  Sigmund (D:4)
  Eustachio (D:4)
  Duvessa (D:5)
  A black bear (D:6)
  3 ice beasts
  An orc warrior (D:6)
  A sky beast (D:7)
  A necrophage (D:9)
  A phantom (D:4)
  2 ogres (D:4)
  A centaur (D:7)
  A crocodile (Sewer)
  A bullfrog (D:6)
  Dowan (D:5)
  5 wights
  2 howler monkeys
  A crimson imp (D:8)
  3 bullfrog zombies
  A jelly (D:8)
  7 orc wizards
  A bullfrog skeleton (D:8)
  3 orc priests
  4 hounds
  Natasha (thrice) (D:4)
  An iguana (D:8)
  7 worker ants
  A hound zombie (D:9)
  5 adders
  3 shadow imps
  9 worms
  3 dart slugs
  5 leopard geckos
  30 orcs
  2 giant cockroaches
  8 goblins
  5 hobgoblins
  6 jackals
  2 quokkas
  9 bats
  5 frilled lizards
  5 kobolds
  A leopard gecko skeleton (D:8)
  A quokka skeleton (D:4)
  A quokka zombie (D:9)
  7 rats
168 creatures vanquished.

Vanquished Creatures (collateral kills)
  An orc warrior (D:6)
1 creature vanquished.

Grand Total: 169 creatures vanquished

Notes
Turn   | Place    | Note
-------+----------+-------------------------------------------
     0 | D:1      | Amnesiac the Mummy Air Elementalist began the quest for the Orb.
     0 | D:1      | Reached XP level 1. HP: 13/13 MP: 4/4
   499 | D:2      | Reached XP level 2. HP: 19/19 MP: 5/5
   553 | D:2      | Found a bloodstained altar of Trog.
   649 | D:3      | Found a burning altar of Makhleb.
   649 | D:3      | Noticed a balrug
   733 | D:3      | Found a sparkling altar of Nemelex Xobeh.
   858 | D:4      | Noticed a wight
   858 | D:4      | Noticed a wight
   858 | D:4      | Noticed a wight
   947 | D:3      | Reached XP level 3. HP: 10/24 MP: 7/7
  1161 | D:3      | Reached XP level 4. HP: 13/30 MP: 9/9
  1350 | D:3      | Learned a level 4 spell: Airstrike
  1469 | D:3      | Reached XP level 5. HP: 29/35 MP: 11/11
  1758 | D:3      | Found a shadowy altar of Dithmenos.
  1803 | D:3      | Found a white marble altar of Elyvilon.
  2180 | D:4      | Noticed a phantom
  2214 | D:4      | Killed a phantom
  2214 | D:4      | Reached skill level 5 in Air Magic
  2214 | D:4      | Reached XP level 6. HP: 9/41 MP: 7/13
  2503 | D:4      | Reached skill level 5 in Spellcasting
  2614 | D:5      | Entered Level 5 of the Dungeon
  2614 | D:5      | Noticed Dowan
  2658 | D:4      | Noticed a two-headed ogre
  2675 | D:5      | Killed Dowan
  2684 | D:5      | Noticed Duvessa
  2929 | D:4      | Reached XP level 7. HP: 46/46 MP: 15/15
  3315 | D:4      | Noticed Sigmund
  3451 | D:4      | Killed Sigmund
  3555 | D:4      | Noticed Natasha
  3558 | D:4      | Killed Natasha
  3742 | D:5      | Learned a level 4 spell: Summon Lightning Spire
  3771 | D:5      | Found a glowing silver altar of Zin.
  3813 | D:5      | Found a staircase to the Ecumenical Temple.
  3906 | Temple   | Entered the Ecumenical Temple
  4076 | D:6      | Reached XP level 8. HP: 53/53 MP: 9/18
  4134 | D:6      | Found a shattered altar of Ashenzari.
  4153 | D:6      | Reached skill level 1 in Fighting
  4187 | D:6      | Became a worshipper of Ashenzari the Shackled
  4248 | D:6      | Noticed Grinder
  4253 | D:6      | Killed Grinder
  4276 | D:6      | Found a glowing drain.
  4305 | Sewer    | Entered a sewer
  4624 | D:5      | Killed Duvessa
  4797 | D:4      | Killed a two-headed ogre
  4797 | D:4      | Reached skill level 5 in Dodging
  4797 | D:4      | Reached XP level 9. HP: 65/65 MP: 0/19
  4911 | D:4      | Noticed Eustachio
  4932 | D:4      | Killed Eustachio
  5676 | D:2      | Found an iron altar of Okawaru.
  6216 | D:5      | Found a bloodstained altar of Trog.
  6223 | D:5      | Found Haonati's Assorted Antiques.
  6229 | D:5      | Bought a fizzy black potion for 15 gold pieces
  6229 | D:5      | Bought a scroll labeled XOMOHAJOSS for 17 gold pieces
  6229 | D:5      | Bought a helmet for 76 gold pieces
  6334 | D:5      | Found an ornate altar of the Wu Jian Council.
  6334 | D:5      | Found a snail-covered altar of Cheibriados.
  6678 | D:4      | Noticed Natasha
  6680 | D:4      | Killed Natasha
  7027 | D:4      | Noticed Natasha
  7030 | D:4      | Killed Natasha
  7570 | D:6      | Reached * piety under Ashenzari
  7922 | D:6      | Reached skill level 5 in Fighting
  8271 | D:7      | Found an ancient bone altar of Kikubaaqudgha.
  8778 | D:8      | Reached ** piety under Ashenzari
  8791 | D:8      | Found a basalt altar of Yredelemnul.
  8881 | D:8      | Reached XP level 10. HP: 24/76 MP: 2/21
  8902 | D:8      | Found a staircase to the Lair.
  8921 | D:8      | Found a deep blue altar of Sif Muna.
  9334 | D:9      | Found a glowing golden altar of the Shining One.
  9406 | D:9      | Noticed a two-headed ogre
  9413 | D:9      | Killed a two-headed ogre
  9471 | D:9      | Slain by a black bear

Vault maps used:
D:1:      lightli_arrival_farm
D:2:      lemuel_coloured_pillars_altar, lemuel_round_altar
D:3:      elyvilon_altar_3, makhleb_altar_promises_db,
          nicolae_overflow_crystal_walls, first_ration,
          nicolae_dithmenos_through_a_glass_darkly
D:4:      uniq_sigmund, uniq_eustachio, uniq_natasha
D:5:      old_standard_altar, gammafunk_temple_overflow_wave,
          minmay_temple_entry_from_below_b, serial_shops, shop,
          trog_three_pillars_becter, uniq_duvessa
D:6:      evilmike_ruin_ashenzari, cheibrodos_sewer_entry_bend, uniq_grinder
D:7:      kennysheep_mini, nicolae_sextant, grunt_ministairs_10,
          mrwooster_statue_mirror
D:8:      old_standard_altar, nicolae_overflow_hidden_temple, lair_entry_dummy
D:9:      old_standard_altar, gammafunk_ghost_split
Temple:   jpeg_temple_island
Sewer:    sewer_big_baddie

Skill      XL: |  1  2  3  4  5  6  7  8  9 10 |
---------------+-------------------------------+-----
Spellcasting   | 3 4 5 6 7 8 |  8.2
Air Magic      | 3 4 5 6 7 8 |  8.2
Dodging        | 2 5 7 |  7.1
Fighting       | 4 5 |  5.7
Stealth        | |  1.5
Conjurations   | |  0.7

Action                   |  1- 3 |  4- 6 |  7- 9 | 10-12 || total
-------------------------+-------+-------+-------+-------++-------
Melee: Dagger            |    10 |       |       |       ||    10
       Unarmed           |     1 |       |       |       ||     1
       Falchion          |       |     4 |    39 |       ||    43
       Great sword       |       |       |    73 |    14 ||    87
 Cast: Shock             |    53 |    70 |    53 |       ||   176
       Airstrike         |       |    11 |   129 |    28 ||   168
       Summon Lightning  |       |       |     1 |       ||     1
Invok: Curse Item        |       |       |     2 |     2 ||     4
  Use: Scroll            |       |       |    11 |       ||    11
 Stab: Sleeping          |       |       |     1 |       ||     1
Armor: Robe              |    19 |     9 |    10 |       ||    38
       Leather armour    |       |       |    45 |     9 ||    54
Dodge: Dodged            |    41 |    25 |   184 |    41 ||   291
       Rpst.: Falchion   |       |     8 |    18 |       ||    26
       Great sword       |       |       |    43 |     5 ||    48

Table legend:
 A = Non-vault XP
 B = Vault XP
 C = Vault XP percentage of total XP
 D = Non-vault monster count
 E = Vault monster count
 F = Vault count percentage of total count
 G = Total turns spent on level
                 A         B        C        D         E       F
            +---------+---------+-------+---------+---------+-------
      Total |    5913 |    1054 |  15.1 |     156 |      13 |   7.7
            +---------+---------+-------+---------+---------+-------
        D:1 |      25 |       0 |   0.0 |      14 |       0 |   0.0
        D:2 |      57 |       0 |   0.0 |      18 |       0 |   0.0
        D:3 |     239 |       0 |   0.0 |      22 |       0 |   0.0
        D:4 |    1927 |     470 |  19.6 |      32 |       3 |   8.6
        D:5 |     277 |     211 |  43.2 |      11 |       2 |  15.4
        D:6 |     577 |     259 |  31.0 |      16 |       2 |  11.1
        D:7 |     780 |       0 |   0.0 |      21 |       0 |   0.0
        D:8 |     772 |       0 |   0.0 |      15 |       0 |   0.0
        D:9 |    1259 |       0 |   0.0 |       7 |       0 |   0.0
      Sewer |       0 |     114 | 100.0 |       0 |       6 | 100.0
            +---------+---------+-------+---------+---------+-------
